 Dungeon Crawl Stone Soup version 0.30-a0-263-ge22c4ad894 (webtiles) character file.

Game seed: 5686685649537402180

140 JPMcintyre the Chopper (level 5, -2/45 (47) HPs)
             Began as a Hill Orc Fighter on Oct 13, 2022.
             Was an Initiate of Qazlal.
             Slain by Crazy Yiuf
             ... wielding a +3 quarterstaff of chaos
              (8 damage)
             ... on level 3 of the Dungeon.
             The game lasted 00:10:10 (2006 turns).

JPMcintyre the Chopper (Hill Orc Fighter)           Turns: 2006, Time: 00:10:10

HP:   -2/45 (47)    AC: 18    Str: 21    XL:     5   Next: 22%
MP:   0/5           EV:  2    Int:  8    God:    Qazlal [......]
Gold: 199           SH:  4    Dex: 10    Spells: 4/4 levels left

rFire   . . .      SeeInvis .    a - +0 war axe
rCold   . . .      Faith    .    c - +0 buckler
rNeg    . . .      Spirit   +    j - +0 crystal plate armour
rPois   .          Reflect  .    o - +0 helmet
rElec   .          Harm     .    (no cloak)
rCorr   .          Rampage  .    s - +0 pair of gloves
Will    .....                    (no boots)
Stlth   ..........               i - amulet of guardian spirit
HPRegen 0.27/turn                (no ring)
MPRegen 0.09/turn                (no ring)

@: mighty, lightly drained
A: no striking features
a: Renounce Religion


You were on level 3 of the Dungeon.
You worshipped Qazlal.
Qazlal was noncommittal.
You visited 1 branch of the dungeon, and saw 3 of its levels.

You collected 199 gold pieces.

Inventory:

Hand Weapons
 a - a +0 war axe (weapon)
Missiles
 g - 15 stones (quivered)
Armour
 c - a +0 buckler (worn)
 j - a +0 crystal plate armour (worn)
 o - a +0 helmet (worn)
 s - a +0 pair of gloves (worn)
Jewellery
 i - an amulet of guardian spirit (around neck)
Wands
 b - a wand of flame (10)
Scrolls
 f - a scroll of enchant weapon {unknown}
 k - a scroll of brand weapon {unknown}
 l - a scroll of teleportation
 p - a scroll of magic mapping {unknown}
 r - a scroll of fear {unknown}
 v - a scroll of amnesia {unknown}
 w - a scroll of blinking {unknown}
Potions
 e - 2 potions of heal wounds
 m - a potion of magic {unknown}
 n - a potion of lignification {unknown}
 t - a potion of invisibility {unknown}
 u - a potion of flight {unknown}


   Skills:
 + Level 4.3 Fighting
 + Level 4.7 Axes
 + Level 0.2 Throwing
 + Level 3.9 Armour
 + Level 4.2 Shields


You had 4 spell levels left.
You didn't know any spells.
Your spell library contained the following spells:

 Spells                   Type           Power      Damage    Failure   Level
 Ensorcelled Hibernation  Hex/Ice        0%         N/A       100%        2
 Passwall                 Tmut/Erth      0%         N/A       100%        2
 Swiftness                Air            0%         N/A       100%        3


Dungeon Overview and Level Annotations

Branches:
Dungeon (3/15)

Altars:
Qazlal
Ru

Annotations:
D:3 Crazy Yiuf


Message History

You slash the plant!
The plant is lightly damaged.
You slash the plant!
A nearby plant withers and dies. x2
You are caught in the web!
There is a web here.
You disentangle yourself.
You are caught in the web!
There is a web here.
You disentangle yourself.
There is a shaft here.
You see here the +6 shillelagh "Devastator" {shatter}.
Found a hammer.
Found a runed translucent door.
Crazy Yiuf shouts!
You feel very mighty all of a sudden. As you open the door, it creaks loudly!
You hit Crazy Yiuf.
Crazy Yiuf is moderately wounded.
Crazy Yiuf hits you with a +3 quarterstaff of chaos.
Crazy Yiuf screams, "Liver alas sanguine!"
Crazy Yiuf zaps a wand.
The bolt of light hits you!
You closely miss Crazy Yiuf.
Crazy Yiuf is moderately wounded.
Crazy Yiuf zaps a wand.
The bolt of light hits you.
You completely miss Crazy Yiuf.
Crazy Yiuf is moderately wounded.
Crazy Yiuf glowers.
Crazy Yiuf hits you with a +3 quarterstaff of chaos.
Crazy Yiuf freezes you.
You hit Crazy Yiuf.
Crazy Yiuf is heavily wounded.
Crazy Yiuf hits you with a +3 quarterstaff of chaos!
* * * LOW HITPOINT WARNING * * *
You feel drained.
* * * LOW HITPOINT WARNING * * *
You hit Crazy Yiuf but do no damage.
Crazy Yiuf is heavily wounded.
Crazy Yiuf hits you but does no damage.
Crazy Yiuf grits, "Rifle illywillydillykilly bush!"
Crazy Yiuf hits you with a +3 quarterstaff of chaos!
You die...

#####.##.#
##.<......
##........#
######.#.
#..######.# #...
#.## ### ###..
#.# #....
##.##♣♣♣♣♣ #....
#..#)..♣.♣♣♣ ###
#..>>
#.^.....♣..♣#...#
#<...
#......♣♣♣♣@g...#
#.... ##.#..♣♣
♣♣#..)# #####
####♣♣ ###


You could see Crazy Yiuf.

Vanquished Creatures
  Robin (D:2)
  5 adders (D:2)
  2 worms (D:2)
  A dart slug (D:2)
  7 bats
  4 endoplasms
  3 giant cockroaches
  15 goblins
  6 hobgoblins
  4 jackals (D:3)
  A quokka (D:3)
  5 ball pythons
  3 frilled lizards
  8 kobolds
  5 rats (D:1)
70 creatures vanquished.

Vanquished Creatures (others)
  3 fungi (D:3)
  7 plants (D:3)
10 creatures vanquished.

Grand Total: 80 creatures vanquished

Notes
Turn   | Place    | Note
-------+----------+-------------------------------------------
     0 | D:1      | JPMcintyre the Hill Orc Fighter began the quest for the
                  | Orb.
     0 | D:1      | Reached XP level 1. HP: 19/19 MP: 1/1
   255 | D:1      | Reached XP level 2. HP: 25/26 MP: 2/2
   264 | D:1      | Found a faded altar of an unknown god.
   670 | D:1      | Reached XP level 3. HP: 33/33 MP: 3/3
   780 | D:2      | Noticed Robin
   789 | D:2      | Killed Robin
   831 | D:2      | Reached XP level 4. HP: 28/40 MP: 4/4
  1544 | D:2      | Reached XP level 5. HP: 47/47 MP: 5/5
  1886 | D:3      | Found a stormy altar of Qazlal.
  1905 | D:3      | Became a worshipper of Qazlal Stormbringer
  1926 | D:3      | Found a sacrificial altar of Ru.
  1989 | D:3      | Found the +6 shillelagh "Devastator" {shatter}
  1996 | D:3      | Found a runed translucent door.
  1997 | D:3      | Noticed Crazy Yiuf
  2006 | D:3      | Slain by Crazy Yiuf

Illustrated notes

Levels and vault maps discovered:
D:1:      mrwooster_arrival_statue_2, layout_basic,
          chequers_ecumenical_altar_island, minmay_misc_feat_alley
D:2:      layout_loops_ring, kennysheep_generic_room_16, uniq_robin
D:3:      layout_rooms, nicolae_ru_the_path_less_chosen,
          nicolae_uskayaw_dance_hall, lemuel_doored_altar, nrook_mini_backslash,
          uniq_crazy_yiuf_cottage

Skill      XL: |  1  2  3  4 |
---------------+-------------+-----
Shields        | 4 |  4.2
Axes           | 3 4 |  4.7
Fighting       | 4 |  4.3
Throwing       | |  0.2
Armour         | |  3.9

Action                   |  1- 3 |  4- 6 || total
-------------------------+-------+-------++-------
Melee: War axe           |   104 |   105 ||   209
Throw: Stone             |     8 |       ||     8
  Use: Scroll            |       |     4 ||     4
       Potion            |       |     1 ||     1
Armor: Crystal plate arm |    88 |    78 ||   166
       Scale mail        |     1 |       ||     1
Dodge: Dodged            |     9 |     8 ||    17
Block: Buckler           |    30 |    23 ||    53

Table legend: (Time is in decaauts)
 A = Elapsed time spent in this place.
 B = Non-inter-level travel time spent in this place.
 C = Inter-level travel time spent in this place.
 D = Time resting spent in this place.
 E = Time spent auto-exploring this place.
 F = Levels seen in this place.
 G = Mean time per level.
                   A        B        C        D        E       F      G
               +--------+--------+--------+--------+--------+-----+--------+
         Total |   2092 |   2006 |     86 |      0 |   1296 |   3 |  697.3 |
       Dungeon |   2092 |   2006 |     86 |      0 |   1296 |   3 |  697.3 |
               +--------+--------+--------+--------+--------+-----+--------+

Top non-repeatable levels by time:
     D:2: 983 daAuts
     D:1: 803 daAuts
     D:3: 305 daAuts
